 Dungeon Crawl Stone Soup version 0.20.0-15-g7f486f2 (webtiles) character file.

58 rezek the Caller (level 4, -1/30 HPs)
             Began as a Barachi Summoner on June 22, 2017.
             Slain by a leopard gecko (3 damage)
             ... on level 3 of the Dungeon.
             The game lasted 00:05:36 (2566 turns).

rezek the Caller (Barachi Summoner)                 Turns: 2566, Time: 00:05:36

Health: -1/30      AC:  2    Str:  9    XL:     4   Next: 1%
Magic:  7/7        EV: 12    Int: 16    God:
Gold:   61         SH:  0    Dex: 13    Spells: 2/8 levels left

rFire    . . .     SeeInvis .   d - +0 spear
rCold    . . .     Gourm    .   (no shield)
rNeg     . . .     Faith    .   a - +0 robe
rPois    .         Spirit   .   (no helmet)
rElec    .         Reflect  .   (no cloak)
rCorr    .         Harm     .   (no gloves)
MR       .....                  (no boots)
Stlth    ++........             (no amulet)
Regen    0.1/turn               (no ring)
MPRegen  0.1/turn               (no ring)

@: slow
A: +LOS, swims, slowness 1, strong legs 1
a: Hop


You were on level 3 of the Dungeon.
You were not hungry.

You visited 1 branch of the dungeon, and saw 3 of its levels.

You collected 61 gold pieces.

Inventory:

Hand Weapons
 d - a +0 spear (weapon)
Armour
 a - a +0 robe (worn)
Scrolls
 e - a scroll of identify {unknown}
 f - 2 scrolls of enchant armour {unknown}
 g - 2 scrolls of remove curse {unknown}
 j - a scroll of magic mapping {unknown}
Potions
 i - 2 potions of agility
Books
 b - a book of Callings

   Spells                             Type                      Level
   a - Summon Small Mammal            Summoning                    1
   b - Call Imp                       Summoning                    2
   c - Call Canine Familiar           Summoning                    3
   d - Summon Guardian Golem          Hexes/Summoning              3
   e - Summon Lightning Spire         Summoning/Air                4
   f - Summon Ice Beast               Ice/Summoning                4
Comestibles
 c - 4 bread rations
 h - 3 meat rations
 k - a chunk of flesh


   Skills:
 + Level 1.1 Polearms
 - Level 2.1 Dodging
 - Level 1.7 Stealth
 * Level 2.6 Spellcasting
 + Level 6.0 Summonings


You had 2 spell levels left.
You knew the following spells:

 Your Spells              Type           Power        Failure   Level  Hunger
a - Summon Small Mammal   Summ           ###.         1%          1    #......
b - Call Imp              Summ           ###.....     2%          2    ##.....
c - Call Canine Familiar  Summ           ###.....     4%          3    ###....


Dungeon Overview and Level Annotations

Branches:
Dungeon (3/15)

Altars:
Sif Muna


Innate Abilities, Weirdness & Mutations

Shadows flee at your approach. (+LOS)
You can swim through water.
You cover ground slowly.
You can hop short distances.


Message History

The leopard gecko is in the way.
You closely miss the leopard gecko.
Your crimson imp closely misses the worm.
The leopard gecko completely misses you.
Attack whom?
Press: ? - help, Dir - move target cursor, f/p - worm
Aim: a worm (almost dead)
You reach to attack!
You hit the worm.
The worm is almost dead.
The leopard gecko bites you.
* * * LOW HITPOINT WARNING * * *
Your crimson imp hits the worm.
The worm dies!
You have reached level 4!
You feel agile. The leopard gecko bites you.
* * * LOW HITPOINT WARNING * * *
You hit the leopard gecko.
The leopard gecko is moderately wounded.
The leopard gecko bites you.
You die...

############### ##
............... ..
#.......#(.. ##.#
#.......#.#. ....
#.......#.#.
#..#######.......#.#.
#.5l@....'...........
#..#######...#####.#.
.... #>.........#
#.## ##.#
#.#####....# #.#. ..
#....# #.#. .# ####.#
#.#. ... ....
#.###... .# ####


You could see a leopard gecko and a friendly crimson imp.

Vanquished Creatures
  An ooze (D:2)
  A worm (D:3)
  5 dart slugs
  A leopard gecko (D:2)
  2 giant cockroaches (D:2)
  2 hobgoblins
  2 ball pythons
  8 bats
  3 frilled lizards (D:1)
  2 goblins
  4 kobolds
  7 rats
38 creatures vanquished.

Vanquished Creatures (collateral kills)
  A worm (D:3)
  2 jackals (D:1)
  A kobold (D:2)
  A quokka (D:3)
  A frilled lizard (D:2)
  A goblin (D:2)
7 creatures vanquished.

Grand Total: 45 creatures vanquished

Notes
Turn   | Place    | Note
-------+----------+-------------------------------------------
     0 | D:1      | rezek the Barachi Summoner began the quest for the Orb.
     0 | D:1      | Reached XP level 1. HP: 13/13 MP: 3/3
   371 | D:1      | Reached skill level 5 in Summonings
   885 | D:1      | Reached XP level 2. HP: 19/19 MP: 5/5
   921 | D:1      | Learned a level 2 spell: Call Imp
  1587 | D:2      | Reached XP level 3. HP: 8/24 MP: 6/6
  1941 | D:2      | Learned a level 3 spell: Call Canine Familiar
  2092 | D:2      | Found a deep blue altar of Sif Muna.
  2454 | D:3      | Reached skill level 6 in Summonings
  2462 | D:3      | Reached skill level 1 in Polearms
  2565 | D:3      | Reached XP level 4. HP: 5/30 MP: 7/7
  2566 | D:3      | Slain by a leopard gecko

Skill      XL: |  1  2  3 |
---------------+----------+-----
Summonings     | 5 6 |  6.0
Polearms       | 1 |  1.1
Dodging        | |  2.1
Stealth        | |  1.7
Spellcasting   | |  2.6

Action                   |  1- 3 |  4- 6 || total
-------------------------+-------+-------++-------
Melee: Dagger            |    91 |       ||    91
       Unarmed           |     7 |       ||     7
       Spear             |   102 |     1 ||   103
 Cast: Summon Small Mamm |     7 |       ||     7
       Call Imp          |     5 |       ||     5
  Use: Potion            |     1 |       ||     1
 Stab: Sleeping          |     7 |       ||     7
       Distracted        |     1 |       ||     1
  Eat: Chunk             |     6 |       ||     6
Armor: Robe              |    34 |       ||    34
Dodge: Dodged            |   135 |       ||   135
